 Dungeon Crawl Stone Soup version 0.23.2-1-ga50397a (webtiles) character file.

Game seed: 17708250158267364881

417 Fondut the Magician (level 6, -4/44 HPs)
             Began as a Gnoll Wizard on May 10, 2019.
             Slain by Dowan
             ... wielding a +6 dagger of freezing
              (7 damage)
             ... on level 5 of the Dungeon.
             The game lasted 00:08:13 (4202 turns).

Fondut the Magician (Gnoll Wizard)                  Turns: 4202, Time: 00:08:14

Health: -4/44      AC:  3    Str:  9    XL:     6   Next: 93%
Magic:  1/16       EV: 14    Int: 23    God:
Gold:   174        SH:  0    Dex: 13    Spells: 9/20 levels left

rFire    . . .     SeeInvis .   q - staff of conjuration
rCold    . . .     Gourm    .   (no shield)
rNeg     . . .     Faith    .   a - +0 robe
rPois    .         Spirit   .   b - +0 hat
rElec    .         Reflect  .   (no cloak)
rCorr    .         Harm     .   j - +0 pair of gloves (curse)
MR       .....                  (no boots)
Stlth    +++.......             (no amulet)
HPRegen  0.14/turn              (no ring)
MPRegen  0.15/turn              (no ring)

@: no status effects
A: distributed training, fangs 1, strong nose
a: no special abilities


You were on level 5 of the Dungeon.
You were not hungry.

You visited 1 branch of the dungeon, and saw 6 of its levels.

You collected 174 gold pieces.

Inventory:

Armour
 a - a +0 robe (worn)
 b - a +0 hat (worn)
 j - a cursed +0 pair of gloves (worn)
 t - a +0 helmet (quivered)
 w - a +0 scale mail
Magical Staves
 q - an uncursed staff of conjuration (weapon)
Jewellery
 f - a +2 ring of strength {unknown}
 h - an uncursed ring of see invisible {unknown}
 z - a +3 ring of dexterity {unknown}
Scrolls
 i - a scroll of blinking {unknown}
 k - 4 scrolls of remove curse {unknown}
 m - 3 scrolls of identify {unknown}
 n - a scroll of fog {unknown}
 p - a scroll of random uselessness {unknown}
 r - 2 scrolls of teleportation {unknown}
 s - a scroll of enchant weapon {unknown}
 u - 2 scrolls of magic mapping {unknown}
 v - a scroll of brand weapon {unknown}
 x - 2 scrolls of amnesia {unknown}
 y - a scroll of fear {unknown}
Potions
 c - a potion of brilliance {unknown}
 e - a potion of invisibility {unknown}
 g - 2 potions of haste {unknown}
 l - a potion of curing {unknown}
 o - 3 potions of degeneration {unknown}
Comestibles
 d - 4 rations
 A - 2 chunks of flesh


   Skills:
 + Level 2.1 Fighting
 + Level 2.1 Short Blades
 + Level 2.1 Long Blades
 + Level 2.1 Axes
 + Level 2.1 Maces & Flails
 + Level 2.1 Polearms
 + Level 2.1 Staves
 + Level 2.1 Slings
 + Level 2.1 Bows
 + Level 2.1 Crossbows
 + Level 2.1 Throwing
 + Level 2.1 Armour
 + Level 5.0 Dodging
 + Level 4.7 Stealth
 + Level 2.1 Shields
 + Level 2.1 Unarmed Combat
 + Level 7.5 Spellcasting
 + Level 2.7 Conjurations
 + Level 1.7 Hexes
 + Level 1.7 Charms
 + Level 2.7 Summonings
 + Level 1.7 Necromancy
 + Level 2.7 Translocations
 + Level 1.7 Transmutations
 + Level 1.7 Fire Magic
 + Level 1.7 Ice Magic
 + Level 1.7 Air Magic
 + Level 1.7 Earth Magic
 + Level 1.7 Poison Magic
 + Level 2.3 Invocations
 + Level 2.1 Evocations


You had 9 spell levels left.
You knew the following spells:

 Your Spells              Type           Power        Failure   Level  Hunger
a - Magic Dart            Conj           ####         2%          1    None
b - Call Imp              Summ           ###.....     3%          2    None
c - Blink                 Tloc           N/A          3%          2    None
d - Mephitic Cloud        Conj/Pois/Air  ####....     10%         3    None
e - Conjure Flame         Conj/Fire      ####....     9%          3    None

Your spell library contained the following spells:

 Spells                   Type           Power        Failure   Level  Hunger
 Slow                     Hex            ###.....     5%          2    None


Dungeon Overview and Level Annotations

Branches:
Dungeon (6/15)
 Temple: D:4-7

Altars:
Okawaru

Annotations:
D:5 Dowan
D:6 Blork the orc


Innate Abilities, Weirdness & Mutations

Your experience applies equally to all skills.
You have very sharp teeth.
Your uncanny sense of smell can sniff out nearby items.


Message History

Aim: Dowan, wielding a +6 dagger of freezing and wearing a +0 robe (moderately wounded, fast)
You feel a surge of power!
The magic dart hits Dowan.
Dowan is moderately wounded.
Your white imp completely misses Dowan.
Dowan hits you with a +6 dagger of freezing.
Dowan freezes you.
Casting: Magic Dart (safe; 2% risk of failure)
Confirm with . or Enter, or press ? or * to list all spells.
Aiming: Magic Dart (safe; 2% risk of failure)
Press: ? - help, Shift-Dir - straight line, f/p - Dowan
Aim: Dowan, wielding a +6 dagger of freezing and wearing a +0 robe (moderately wounded, fast)
You feel a surge of power!
The magic dart hits Dowan.
Dowan is heavily wounded.
Dowan gestures at you while chanting. The shard of ice hits you!!
Ouch! That really hurt!
* * * LOW HITPOINT WARNING * * *
Your white imp closely misses Dowan.
Dowan hits you with a +6 dagger of freezing!
You die...

###.#.# #.......#
#...#.#.###.......#
#.#.#.#...+.......# #
#.#.#....##.......#
#.####.#.#.#.........###
#...%(.......>)....#########
.8..
...........5......#.......#
8_8.
..........e5...#..#.####.##
.8.. ####...#.#@.#.#..#.#<...#
≈.≈≈ #......#.#).....5..#.#..#
≈.≈) #.##...#.#....#.######..#
≈.≈≈###.#....#.##.###......#..#
..)..'.....#.#.##.# ######.#..#
....e##.##.#.#.##.# #.######
.....##.##.#.#.##.# #.#.....
....###......# ##.# #.#.####
.... #####.##.##.# #...#


You could see Dowan, a friendly crimson imp and 2 friendly white imps.

Vanquished Creatures
  Menkaure (D:6)
  Terence (D:2)
  An iguana (D:5)
  A worker ant (D:4)
  A hound skeleton (D:5)
  4 adders
  A gnoll (D:1)
  2 oozes
  An adder zombie (D:3)
  A worm (D:2)
  2 dart slugs
  2 leopard geckos (D:1)
  2 orcs (D:5)
  5 giant cockroaches
  2 goblins
  9 hobgoblins
  7 jackals
  A ball python (D:3)
  5 bats
  3 frilled lizards
  2 jackal zombies (D:5)
  3 kobolds
  6 rats
63 creatures vanquished.

Vanquished Creatures (collateral kills)
  Duvessa (D:5)
  3 gnolls
  An adder (D:3)
  A giant cockroach (D:1)
  A hobgoblin (D:3)
  5 jackals
  A frilled lizard (D:3)
13 creatures vanquished.

Grand Total: 76 creatures vanquished

Notes
Turn   | Place    | Note
-------+----------+-------------------------------------------
     0 | D:1      | Fondut the Gnoll Wizard began the quest for the Orb.
     0 | D:1      | Reached XP level 1. HP: 13/13 MP: 8/8
   170 | D:1      | Reached XP level 2. HP: 18/19 MP: 2/10
   528 | D:1      | Reached XP level 3. HP: 25/25 MP: 3/11
  1072 | D:2      | Learned a level 2 spell: Call Imp
  1075 | D:2      | Learned a level 2 spell: Blink
  1079 | D:2      | Learned a level 3 spell: Mephitic Cloud
  1083 | D:2      | Learned a level 3 spell: Conjure Flame
  1358 | D:1      | Reached skill level 1 in Invocations
  1808 | D:1      | Reached skill level 1 in Fighting
  1808 | D:1      | Reached skill level 1 in Short Blades
  1808 | D:1      | Reached skill level 1 in Long Blades
  1808 | D:1      | Reached skill level 1 in Axes
  1808 | D:1      | Reached skill level 1 in Maces & Flails
  1808 | D:1      | Reached skill level 1 in Polearms
  1808 | D:1      | Reached skill level 1 in Staves
  1808 | D:1      | Reached skill level 1 in Slings
  1808 | D:1      | Reached skill level 1 in Bows
  1808 | D:1      | Reached skill level 1 in Crossbows
  1808 | D:1      | Reached skill level 1 in Throwing
  1808 | D:1      | Reached skill level 1 in Armour
  1808 | D:1      | Reached skill level 1 in Shields
  1808 | D:1      | Reached skill level 1 in Unarmed Combat
  1808 | D:1      | Reached skill level 1 in Evocations
  1993 | D:2      | Reached XP level 4. HP: 28/32 MP: 4/13
  2355 | D:2      | Noticed Terence
  2367 | D:2      | Killed Terence
  2367 | D:2      | Reached skill level 1 in Hexes
  2367 | D:2      | Reached skill level 1 in Charms
  2367 | D:2      | Reached skill level 1 in Necromancy
  2367 | D:2      | Reached skill level 1 in Transmutations
  2367 | D:2      | Reached skill level 1 in Fire Magic
  2367 | D:2      | Reached skill level 1 in Ice Magic
  2367 | D:2      | Reached skill level 1 in Air Magic
  2367 | D:2      | Reached skill level 1 in Earth Magic
  2367 | D:2      | Reached skill level 1 in Poison Magic
  2601 | D:2      | Reached XP level 5. HP: 37/37 MP: 12/14
  3529 | D:3      | You fall through a shaft for 3 floors!
  3530 | D:6      | Noticed Menkaure
  3545 | D:6      | Killed Menkaure
  3545 | D:6      | Reached XP level 6. HP: 44/44 MP: 4/16
  3610 | D:6      | Noticed Blork the orc
  3613 | D:5      | Entered Level 5 of the Dungeon
  3865 | D:5      | Found an iron altar of Okawaru.
  3874 | D:5      | Reached skill level 5 in Dodging
  3878 | D:5      | Noticed Duvessa
  3883 | D:5      | Noticed Dowan
  4199 | D:5      | Killed Duvessa
  4202 | D:5      | Slain by Dowan

Skill      XL: |  1  2  3  4  5  6 |
---------------+-------------------+-----
Conjurations   | 2 |  2.7
Summonings     | 2 |  2.7
Translocations | 2 |  2.7
Invocations    | 1 2 |  2.3
Fighting       | 1 2 |  2.1
Short Blades   | 1 2 |  2.1
Long Blades    | 1 2 |  2.1
Axes           | 1 2 |  2.1
Maces & Flails | 1 2 |  2.1
Polearms       | 1 2 |  2.1
Staves         | 1 2 |  2.1
Slings         | 1 2 |  2.1
Bows           | 1 2 |  2.1
Crossbows      | 1 2 |  2.1
Throwing       | 1 2 |  2.1
Armour         | 1 2 |  2.1
Shields        | 1 2 |  2.1
Unarmed Combat | 1 2 |  2.1
Evocations     | 1 2 |  2.1
Hexes          | 1 |  1.7
Charms         | 1 |  1.7
Necromancy     | 1 |  1.7
Transmutations | 1 |  1.7
Fire Magic     | 1 |  1.7
Ice Magic      | 1 |  1.7
Air Magic      | 1 |  1.7
Earth Magic    | 1 |  1.7
Poison Magic   | 1 |  1.7
Dodging        | 5 |  5.0
Stealth        | |  4.7
Spellcasting   | |  7.5

Action                   |  1- 3 |  4- 6 || total
-------------------------+-------+-------++-------
Melee: Unarmed           |    18 |     6 ||    24
       Bite              |     1 |       ||     1
       Staff             |       |     2 ||     2
 Cast: Magic Dart        |    55 |   116 ||   171
       Call Imp          |    25 |    11 ||    36
       Mephitic Cloud    |     2 |     1 ||     3
       Blink             |     1 |       ||     1
       Conjure Flame     |       |     1 ||     1
 Stab: Confused          |     1 |     1 ||     2
  Eat: Chunk             |     3 |     7 ||    10
Armor: Robe              |    13 |     5 ||    18
Dodge: Dodged            |    73 |    46 ||   119
